 Dungeon Crawl Stone Soup version 0.19-a0-1185-gacb3972 (webtiles) character file.

9221 epen the Cleaver (level 11, -2/85 HPs)
             Began as a Minotaur Monk on Aug 18, 2016.
             Was the Champion of Hepliaklqana.
             Killed from afar by a raiju (16 damage)
             ... with a living lightning
             ... on level 1 of the Abyss.
             The game lasted 00:19:38 (12439 turns).

epen the Cleaver (Minotaur Monk)                   Turns: 12439, Time: 00:19:39

Health: -2/85      AC: 16    Str: 19    XL:     11   Next: 20%
Magic:  16/16      EV: 14    Int:  7    God:    Hepliaklqana [******]
Gold:   459        SH:  0    Dex: 13    Spells: 0 memorised, 10 levels left

rFire  . . .     SeeInvis +     M - +1 war axe (elec)
rCold  . . .     Gourm    .     o - +1 scale mail
rNeg   . . .     Faith    +     (no shield)
rPois  .         Spirit   .     (helmet restricted)
rElec  .         Dismiss  .     (no cloak)
rCorr  .         Reflect  .     y - +2 pair of gloves
MR     .....     Harm     .     F - +2 pair of boots
Stlth  +.........               e - amulet of faith
                                H - ring of see invisible
                                v - ring of stealth

@: about to teleport
A: retaliatory headbutt, claws 1, horns 2
a: Recall Ancestor, Ancestor Identity, Transference, Idealise, Renounce Religion


You were on level 1 of the Abyss.
You worshipped Hepliaklqana.
Hepliaklqana was exalted by your worship.
You were hungry.

You visited 2 branches of the dungeon, and saw 12 of its levels.
You visited the Abyss 1 time.

You collected 571 gold pieces.
You spent 112 gold pieces at shops.

Inventory:

Hand Weapons
 a - a +0 hand axe
 D - a +0 battleaxe
 J - a -3 eveningstar of crushing
 M - a +1 war axe of electrocution (weapon)
Missiles
 K - a throwing net (quivered)
Armour
 o - a +1 scale mail (worn)
 y - a +2 pair of gloves (worn)
 F - a +2 pair of boots (worn)
Jewellery
 e - an amulet of faith (around neck)
 n - an uncursed amulet of the gourmand
 v - a ring of stealth (left hand)
 H - a ring of see invisible (right hand)
 R - an uncursed amulet of harm {unknown}
Wands
 l - a wand of confusion (29/48)
 m - a wand of acid (9/15)
 w - a wand of slowing (13/48)
 E - a wand of acid (15/15)
 O - a wand of lightning (6/15)
 P - a wand of acid (6/15)
 S - a wand of iceblast (10/15)
 T - a wand of random effects (33/48)
Scrolls
 b - 2 scrolls of fear
 k - a scroll of identify
 t - 2 scrolls of immolation
 C - a scroll of random uselessness
 L - 2 scrolls of remove curse
 U - a scroll of torment
 W - a scroll of amnesia
Potions
 d - a potion of cure mutation
 f - a potion of agility
 g - a potion of heal wounds
 h - a potion of haste
 i - 2 potions of cancellation
 p - a potion of might
 q - 4 potions of curing
 u - a potion of berserk rage
 z - 4 potions of degeneration
 A - a potion of mutation
Books
 x - a book of the Tempests

   Spells                             Type                      Level
   a - Static Discharge               Conjuration/Air              3
   b - Lightning Bolt                 Conjuration/Air              5
   c - Fireball                       Conjuration/Fire             5
   d - Tornado                        Air                          9
   e - Shatter                        Earth                        9
 I - a book of Dreams

   Spells                             Type                      Level
   a - Ensorcelled Hibernation        Hexes/Ice                    2
   b - Silence                        Hexes/Air                    5
   c - Darkness                       Hexes                        6
   d - Shadow Creatures               Summoning                    6
 N - a book of the Dragon

   Spells                             Type                      Level
   a - Flame Tongue                   Conjuration/Fire             1
   b - Cause Fear                     Hexes                        4
   c - Bolt of Fire                   Conjuration/Fire             6
   d - Dragon Form                    Transmutation                7
   e - Dragon's Call                  Summoning                    9
Miscellaneous
 G - a phial of floods
Comestibles
 c - 9 bread rations
 r - 10 fruits
 s - a beef jerky
 B - 3 meat rations
 Q - 10 royal jellies


   Skills:
 + Level 8.3 Fighting
 * Level 11.4 Axes
 * Level 10.3 Armour
 + Level 7.6 Dodging
 - Level 1.5 Stealth
 * Level 8.0 Invocations
 + Level 1.7 Evocations


You had 10 spell levels left.
You didn't know any spells.

Dungeon Overview and Level Annotations

Branches:
Dungeon (11/15)            Temple (1/1) D:4            Lair (0/6) D:10
    Orc (0/2) D:9

Altars:
Ashenzari
Cheibriados
Dithmenos
Elyvilon
Fedhas
Gozag
Hepliaklqana
Kikubaaqudgha
Makhleb
Nemelex Xobeh
Okawaru
Qazlal
Ru
Sif Muna
Trog
Uskayaw
Vehumet
Xom
Yredelemnul
Zin
The Shining One

Shops:
D:8 *   D:10 (

Annotations:
D:6 exclusion: oklob plant
D:11 Sonja


Innate Abilities, Weirdness & Mutations

You reflexively headbutt those who attack you in melee.
You have a pair of horns on your head.
You have sharp fingernails.


Message History

You feel much better.
The raiju bursts into living lightning!
The living lightning hits you!
The raiju blinks!
Unknown command.
As you read the scroll of teleportation, it crumbles to dust.
You feel strangely unstable.
You feel the power of the Abyss delaying your translocation!
The raiju misses you. You furiously retaliate!
You headbutt the raiju.
The raiju bursts into living lightning!
The living lightning misses the raiju.
The living lightning misses you.
The raiju blinks!
The raiju bursts into living lightning!
The living lightning hits the raiju.
The raiju completely resists.
The living lightning hits you!
* * * LOW HITPOINT WARNING * * *
The raiju blinks!
The raiju bites you but does no damage.
The raiju bursts into living lightning!
The living lightning hits you!
You die...

##..... #..
.....#.##'####
#............#
#......#....####
##...............
..........h......
.......hh.h..#...
.....##.###......
.......@#.#.
ยง... ########.##
..... #..##..# ..
.. #...#.## ####
#.##.# #.# # ###.
# ## ##.# # ..#
## ... ###
.##....## . .##.
.... #


You could see 2 raiju.

Vanquished Creatures
  A hill giant (D:11)
  The ghost of Shenda the Poker, a novice DsGl (D:7)
  Psyche (D:8)
  Joseph (D:7)
  2 trolls
  A vampire (D:11)
  A hill giant zombie (D:9)
  3 wargs (D:10)
  3 black bears
  An orc warrior (D:6)
  An ice beast (D:10)
  A sky beast (D:7)
  2 ogres
  3 phantoms
  A centaur (D:5)
  4 giant frogs
  4 scorpions (D:7)
  3 killer bees (D:10)
  4 wights
  A crimson imp (D:7)
  A giant frog zombie (D:8)
  A centaur zombie (D:10)
  A giant frog skeleton (D:9)
  2 hounds
  A gnoll shaman (D:8)
  5 orc priests
  4 jellies
  An iguana (D:9)
  13 orc wizards
  6 worker ants
  A killer bee zombie (D:9)
  3 ogre zombies (D:9)
  A hound skeleton (D:8)
  11 adders
  8 gnolls (D:8)
  2 shadow imps
  17 oozes
  2 adder skeletons
  4 worms (D:2)
  A dart slug (D:3)
  4 giant geckos
  34 orcs
  A ball python (D:2)
  13 bats
  4 giant cockroaches
  10 goblins
  10 hobgoblins
  14 jackals
  5 kobolds
  4 quokkas
  2 giant newts (D:2)
  5 goblin zombies (D:9)
  5 hobgoblin zombies (D:9)
  11 orc zombies (D:9)
  A quokka skeleton (D:6)
  14 rats
261 creatures vanquished.

Vanquished Creatures (collateral kills)
  A hill giant (D:10)
  A centaur zombie (D:9)
  The ghost of Gagarin the Covered, an amateur DDFi of Makhleb (D:4)
  2 wyverns
  A hippogriff (D:9)
  An orc warrior (D:9)
  A sky beast (D:8)
  2 phantoms
  A wasp (D:11)
  2 ogres
  2 centaurs
  A giant frog (D:7)
  3 troll zombies (D:9)
  5 wights
  2 crimson imps
  3 orc priests
  2 jellies (D:6)
  2 centaur skeletons
  An orc wizard (D:6)
  3 worker ants
  An ogre zombie (D:9)
  A hound skeleton (D:5)
  4 adders
  A gnoll (D:4)
  A shadow imp (D:5)
  5 oozes (D:6)
  A worm (D:5)
  2 orcs (D:7)
  2 goblins (D:4)
  5 jackals
  A kobold (D:4)
  2 giant newts (D:4)
  2 orc skeletons (D:9)
  An orc zombie (D:9)
66 creatures vanquished.

Vanquished Creatures (others)
  4 battlemagi
  9 fungi
13 creatures vanquished.

Grand Total: 340 creatures vanquished

Notes
Turn   | Place    | Note
-------+----------+-------------------------------------------
     0 | D:1      | epen the Minotaur Monk began the quest for the Orb.
     0 | D:1      | Reached XP level 1. HP: 19/19 MP: 0/0
   155 | D:1      | Reached skill level 4 in Axes
   162 | D:1      | Reached skill level 1 in Armour
   162 | D:1      | Reached XP level 2. HP: 26/26 MP: 1/1
   380 | D:1      | Found a sparkling altar of Nemelex Xobeh.
   512 | D:1      | Reached XP level 3. HP: 33/33 MP: 2/2
   964 | D:2      | Found a burning altar of Makhleb.
  1230 | D:2      | Reached XP level 4. HP: 40/40 MP: 3/3
  1247 | D:2      | Found a faded altar of an unknown god.
  1820 | D:3      | Found an ancient bone altar of Kikubaaqudgha.
  2003 | D:3      | Reached skill level 5 in Axes
  2193 | D:3      | Reached XP level 5. HP: 26/46 MP: 4/4
  2784 | D:4      | Noticed Gagarin's ghost (amateur DDFi)
  2991 | D:4      | Reached XP level 6. HP: 53/53 MP: 5/5
  2998 | D:4      | Found a staircase to the Ecumenical Temple.
  3007 | Temple   | Entered the Ecumenical Temple
  3031 | Temple   | Became a worshipper of Hepliaklqana
  3031 | Temple   | Reached * piety under Hepliaklqana
  3031 | Temple   | Reached ** piety under Hepliaklqana
  3032 | Temple   | Remembered your ancestor Pepen as a battlemage
  3200 | D:4      | Killed Gagarin's ghost
  3200 | D:4      | Reached skill level 6 in Axes
  3200 | D:4      | Reached skill level 1 in Invocations
  3444 | D:4      | Found a snail-covered altar of Cheibriados.
  3759 | D:4      | Reached XP level 7. HP: 54/54 MP: 7/7
  3998 | D:4      | Reached skill level 5 in Fighting
  4115 | D:5      | Entered Level 5 of the Dungeon
  4115 | D:5      | Found an iron altar of Okawaru.
  4371 | D:5      | Reached *** piety under Hepliaklqana
  4531 | D:5      | Reached skill level 7 in Axes
  4656 | D:5      | Found a stormy altar of Qazlal.
  4752 | D:5      | Reached skill level 5 in Armour
  4752 | D:5      | Reached skill level 5 in Dodging
  5032 | D:5      | Found a glowing silver altar of Zin.
  5459 | D:6      | Noticed an oklob plant
  5492 | D:6      | Reached XP level 8. HP: 61/61 MP: 9/9
  5644 | D:6      | Reached **** piety under Hepliaklqana
  6176 | D:6      | Found a white marble altar of Elyvilon.
  6326 | D:6      | Reached skill level 8 in Axes
  6643 | D:7      | Gained mutation: You are robust. (+10% HP) [mutagenic meat]
  6646 | D:7      | Gained mutation: You have a pair of large horns on your head. [mutagenic meat]
  7158 | D:7      | Found an opulent altar of Gozag.
  7167 | D:7      | Reached XP level 9. HP: 72/75 MP: 11/11
  7211 | D:7      | Noticed Shenda's ghost (novice DsGl)
  7243 | D:7      | Killed Shenda's ghost
  7243 | D:7      | Reached skill level 9 in Axes
  7243 | D:7      | Reached skill level 5 in Invocations
  7245 | D:7      | Lost mutation: You are robust. (+10% HP) [potion of cure mutation]
  7245 | D:7      | Lost mutation: You have a pair of large horns on your head. [potion of cure mutation]
  7358 | D:7      | Noticed Joseph
  7365 | D:7      | Killed Joseph
  7827 | D:7      | Reached ***** piety under Hepliaklqana
  8250 | D:8      | Found Ohavvuij's General Store.
  8413 | D:8      | Noticed Psyche
  8419 | D:8      | Killed Psyche
  8419 | D:8      | Reached skill level 10 in Axes
  8419 | D:8      | Reached XP level 10. HP: 72/77 MP: 13/13
  8484 | D:8      | Found an opulent altar of Gozag.
  9770 | D:9      | Found a sparkling altar of Nemelex Xobeh.
  9794 | D:9      | Found a staircase to the Orcish Mines.
 10147 | D:9      | Reached skill level 11 in Axes
 10546 | D:10     | Entered Level 10 of the Dungeon
 10547 | D:10     | Found Ibroe's Antique Weapon Boutique.
 10666 | D:10     | Bought a runed war axe for 112 gold pieces
 10696 | D:10     | Found a staircase to the Lair.
 11038 | D:10     | Noticed a hill giant
 11047 | D:10     | Killed a hill giant
 11047 | D:10     | Reached skill level 10 in Armour
 11047 | D:10     | Reached skill level 1 in Evocations
 11065 | D:10     | Reached XP level 11. HP: 36/84 MP: 15/15
 11420 | D:10     | Reached ****** piety under Hepliaklqana
 12022 | D:11     | Noticed a hill giant
 12030 | D:11     | Killed a hill giant
 12116 | D:11     | Noticed Sonja
 12117 | D:11     | Noticed a red ugly thing
 12303 | D:11     | Cast into level 1 of the Abyss (Sonja)
 12303 | Abyss:1  | Found a corrupted altar of Lugonu.
 12338 | Abyss:1  | Gained mutation: You are weak. (Str -2) [potion of mutation]
 12338 | Abyss:1  | Lost mutation: You are weak. (Str -2) [potion of mutation]
 12338 | Abyss:1  | Gained mutation: You have sharp fingernails. [potion of mutation]
 12372 | Abyss:1  | Noticed a large abomination
 12439 | Abyss:1  | Killed from afar by a raiju

Vault maps used:
D:1:      saegor_arrival_simple_c, nemelex_altar_shiori
D:2:      overflow_temple_1_default, ecumenical_altar_1
D:3:      kennysheep_six_static_rooms, kiku_gazebo_garden_becter, serial_curves,
          eino_curves_03, eino_curves_04
D:4:      cheibriados_altar_wand_db, minmay_misc_feat_tower
D:5:      kennysheep_spiral_hall, lemuel_round_altar, zin_treasury,
          kennysheep_mini_moat, first_bread
D:6:      lemuel_slime, nicolae_overflow_crystal_walls
D:7:      old_forge, basic_altar, uniq_joseph
D:8:      nicolae_gozag_cash_rules_everything_around_me, serial_shops,
          nicolae_shop_statue_plus, uniq_psyche
D:9:      overflow_temple_1_default, zombieorc2_lemuel,
          hangedman_little_slice_of_home, grunt_ministairs_9, solitary_fountain
D:10:     erik_lair_orcish_takeover, serial_shops, shop, evilmike_minifort
D:11:     serial_shops, shop, uniq_sonja
Temple:   nicolae_temple_x_marks_the_god

Skill      XL: |  1  2  3  4  5  6  7  8  9 10 11 |
---------------+----------------------------------+-----
Axes           | 4 5 6 7 8 10 11 | 11.4
Armour         | 1 2 3 4 5 6 8 10 | 10.3
Fighting       | 4 5 6 7 8 |  8.3
Dodging        | 4 5 6 7 |  7.6
Invocations    | 1 3 4 6 7 8 |  8.0
Evocations     | 1 |  1.7
Stealth        | |  1.5

Action                   |  1- 3 |  4- 6 |  7- 9 | 10-12 || total
-------------------------+-------+-------+-------+-------++-------
Melee: Hand axe          |    69 |   143 |   135 |       ||   347
       Headbutt          |    10 |    25 |    66 |    49 ||   150
       Battleaxe         |       |       |   148 |   156 ||   304
       War axe           |       |       |       |    73 ||    73
Invok: Ancestor Life: Ba |       |     1 |       |       ||     1
       Ancestor Identity |       |     1 |       |       ||     1
  Use: Potion            |       |       |     5 |     2 ||     7
       Scroll            |       |       |       |    19 ||    19
 Stab: Sleeping          |     2 |       |       |       ||     2
       Distracted        |       |     2 |     3 |     5 ||    10
  Eat: Chunk             |     2 |    15 |    11 |    10 ||    38
       Royal jelly       |       |       |       |     1 ||     1
Armor: Robe              |     4 |       |       |       ||     4
       Ring mail         |     9 |       |       |       ||     9
       Scale mail        |     2 |    44 |   132 |   108 ||   286
Dodge: Dodged            |    46 |    87 |   190 |   170 ||   493
